Cogmind - Beta 13 @@@ ROGUE MODE // 2024.04.07 @ 14:21:18 Player: TheWrinkledCat Result: Destroyed by 7R-MNS with Wave Gun Performance ------------- Evolutions (3) 1500 Regions Visited (6) 1200 Robots Destroyed (97) 485 Value Destroyed (2398) 2398 Prototype IDs (3) 60 Alien Tech Used (0) 0 Bonus (48) 48 TOTAL SCORE: 5691 Bonus ------- High Alert Combat Kills 243 Friendly Fire -195 Cogmind --------- Core Integrity 0/700 Matter 174/300 Energy 167/265 System Corruption 0% Temperature Cool (18) Movement Core (800) Ox15 Location -7/Factory Parts ------- > --- POWER (3) -------- Improved Ion Engine > --- PROPULSION (3) --- (None) > --- UTILITY (4) ------ Large Storage Unit Large Storage Unit > --- WEAPON (3) ------- (None) > --- INVENTORY (15) --- (None) Peak State ------------ > --- POWER ------------ Improved Ion Engine Heavy Ion Engine Light Deuterium Engine > --- PROPULSION ------- Armored Wheel Armored Wheel > --- UTILITY ---------- Large Storage Unit Matter Filter Light Armor Plating Improved Shield Generator > --- WEAPON ----------- Improved EM Shotgun Ion Cannon Mini Grenade Launcher > --- INVENTORY -------- Ion Engine Improved Ion Engine Light Treads Light Treads Improved Treads Advanced Treads Large Storage Unit Shield Generator Improved Shield Generator Beam Rifle Ion Cannon Shotgun Axe [Rating: 32] Favorites ----------- Power Light Ion Engine Engine Light Ion Engine Propulsion Light Treads Treads Light Treads Wheel Armored Wheel Utility Large Storage Unit Device Heat Sink Storage Large Storage Unit Protection Light Armor Plating Weapon Light Assault Rifle Energy Gun Improved EM Shotgun Energy Cannon Ion Cannon Ballistic Gun Light Assault Rifle Launcher Rocket Launcher Slashing Weapon Axe Build | -11 -10 -10 -9 -9 -8 -7 ------- Run | Yrd Mat Min Mat Min Mat Fac Slots Evolved 6 | . . . 2 . 2 2 Power 2 | . . . 1 . 1 . Propulsion 1 | . . . . . . 1 Utility 2 | . . . 1 . . 1 Weapon 1 | . . . . . 1 . Parts Attached 74 | 6 6 3 29 . 16 14 Power 10 | 1 1 . 4 . 2 2 Engine 10 | 1 1 . 4 . 2 2 Core . | . . . . . . . Reactor . | . . . . . . . Propulsion 18 | 2 1 . 7 . 4 4 Treads 14 | 2 1 . 6 . 1 4 Leg . | . . . . . . . Wheel 4 | . . . 1 . 3 . Hover . | . . . . . . . Flight . | . . . . . . . Utility 19 | 1 3 1 5 . 5 4 Device 7 | . . . 2 . 2 3 Storage 6 | 1 1 . 1 . 2 1 Processor . | . . . . . . . Hackware . | . . . . . . . Protection 6 | . 2 1 2 . 1 . Artifact . | . . . . . . . Weapon 27 | 2 1 2 13 . 5 4 Energy Gun 6 | . . . 3 . 2 1 Energy Cannon 3 | . . . . . 2 1 Ballistic Gun 9 | 2 . 1 5 . . 1 Ballistic Cannon . | . . . . . . . Launcher 8 | . 1 1 5 . 1 . Special Weapon . | . . . . . . . Impact Weapon . | . . . . . . . Slashing Weapon 1 | . . . . . . 1 Piercing Weapon . | . . . . . . . Special Melee Weapon . | . . . . . . . Unidentified Prototypes 3 | . . . 3 . . . Parts Lost 35 | . . 1 8 . 4 22 Power 6 | . . . 1 . 1 4 Propulsion 9 | . . . 3 . . 6 Utility 10 | . . 1 3 . 1 5 Weapon 10 | . . . 1 . 2 7 Highest Loss Streak 22 | . . 1 6 . 2 22 To Critical Strikes . | . . . . . . . Average Slot Usage (%) 90 | . 90 99 89 100 92 35 Engine 17 | . 14 14 17 22 23 4 Treads 20 | . 27 28 21 22 12 5 Wheel 1 | . . . . . 6 2 Device 7 | . . . 7 22 16 3 Storage 11 | . 14 14 11 11 9 8 Protection 6 | . 5 13 9 . . . Energy Gun 7 | . . . 7 11 17 1 Ballistic Gun 10 | . 19 15 11 11 3 . Launcher 4 | . 9 12 2 . . 1 Naked Turns . | . . . . . . . Heaviest Build 60 | 10 30 31 41 39 57 60 Greatest Support 43 | 40 40 40 40 40 43 42 Greatest Overweight (x) 3 | . 1 . 3 . 3 2 Average Overweight (x) . | . . . . . 1 1 Largest Inventory Capacity 25 | 8 15 15 15 15 25 15 Average Capacity 14 | 7 13 15 15 15 15 15 Most Carried 15 | 4 7 8 11 8 15 13 Average Carried 7 | 1 3 7 7 8 9 7 Final Capacity 15 | 8 15 15 15 15 15 15 Final Carried 14 | 1 6 7 8 8 14 . Class Distribution -------------------- 48% | Mutant 31% | Scavenger-Mutant 11% | Scavenger-Gunner 7% | Tank Dominant Class ---------------- Mutant | -10/Materials Mutant | -10/Mines Scavenger-Mutant | -9/Materials Scavenger-Mutant | -9/Mines Scavenger-Gunner | -8/Materials Mutant | -7/Factory Resources | -11 -10 -10 -9 -9 -8 -7 ----------- Run | Yrd Mat Min Mat Min Mat Fac Matter Collected 1553 | 226 124 122 870 . 211 . Remotely . | . . . . . . . Salvage Created 2486 | 23 243 116 1319 . 785 . Parts 189 | 7 25 18 90 . 49 . Haulers Intercepted 5 | . 1 . 4 . . . Recyclers Shooed 6 | 1 1 1 2 . 1 . Parts Field Recycled . | . . . . . . . Retrieved Matter . | . . . . . . . Parts Self-Destructed . | . . . . . . . Prevented . | . . . . . . . Kills | -11 -10 -10 -9 -9 -8 -7 ------- Run | Yrd Mat Min Mat Min Mat Fac Combat Hostiles Destroyed 65 | . 8 5 33 . 19 . Guns 19 | . 1 1 11 . 6 . AOE 46 | . 7 4 22 . 13 . Classes Destroyed 14 | 1 5 . 6 . 2 . Worker 10 | . 3 1 6 . . . Builder 1 | . . . 1 . . . Tunneler 5 | 2 . 1 2 . . . Hauler 5 | . 1 . 4 . . . Recycler 4 | . . . 4 . . . Mechanic 1 | . . . 1 . . . Operator 1 | . . . . . 1 . Watcher 5 | . 3 . 1 . 1 . Swarmer 18 | . 3 3 8 . 4 . Grunt 30 | . 5 2 17 . 6 . Brawler 3 | . . . 2 . 1 . Duelist 1 | . . . . . 1 . Protector 1 | . . . 1 . . . Sentry 12 | . . . 5 . 7 . Best Kill Streak 15 | 2 7 3 15 . 10 . Combat Bots Only 9 | . 6 3 9 . 9 . Max Kills in Single Turn 4 | 1 3 2 4 . 3 . Gunslinging . | . . . . . . . Exploded 3 | . 3 2 3 . 3 . Melee . | . . . . . . . Uniques/NPCs Destroyed . | . . . . . . . Combat | -11 -10 -10 -9 -9 -8 -7 -------- Run | Yrd Mat Min Mat Min Mat Fac Hostile Shots Fired 380 | . 33 20 156 . 54 117 Missed 89 | . 14 7 43 . 19 6 Damage Taken 5179 | . 263 263 1350 . 591 2712 Core 1133 | . 54 39 241 . 82 717 Absorbed by Shields 214 | . . . . . 51 163 Core Remaining (%) 71 | 100 . 62 . 39 85 . Volleys Fired 205 | 10 24 39 88 . 31 13 Largest 3 | 2 2 2 2 . 3 3 Hottest 155 | 40 50 53 79 . 155 135 Shots Fired 355 | 20 38 49 152 . 79 17 Gun 280 | 20 26 43 121 . 63 7 Cannon 7 | . . . . . 5 2 Launcher 68 | . 12 6 31 . 11 8 Special . | . . . . . . . Kinetic 191 | 20 26 43 88 . 9 5 Thermal 43 | . . . 21 . 20 2 Explosive 68 | . 12 6 31 . 11 8 Electromagnetic 53 | . . . 12 . 39 2 Robot Hit Streak 14 | 4 10 4 10 . 14 3 Robot Miss Streak 9 | 2 4 3 4 . 9 1 Penetration Max . | . . . . . . . Secondary Targets . | . . . . . . . Shots Hit Robots 238 | 13 21 28 101 . 51 24 Core Hits 184 | 5 26 15 95 . 36 7 Critical Kills 1 | . . . 1 . . . Critical Parts Destroyed 1 | . . . 1 . . . Critical Strikes 5 | . . . 3 . 2 . Burn 2 | . . . 1 . 1 . Destroy 2 | . . . 2 . . . Corrupt 1 | . . . . . 1 . Melee Attacks 12 | . . . . . . 12 Impact . | . . . . . . . Slashing 12 | . . . . . . 12 Piercing . | . . . . . . . Sneak Attacks . | . . . . . . . Combat Hostiles . | . . . . . . . Follow-up Attacks . | . . . . . . . Damage Inflicted 7843 | 104 1144 519 3684 . 1606 786 Guns 2179 | 104 136 185 1024 . 680 50 Cannons 46 | . . . . . 24 22 Explosions 5201 | . 995 325 2660 . 890 331 Melee 336 | . . . . . . 336 Ramming 81 | . 13 9 . . 12 47 Kinetic 1190 | 104 136 185 660 . 61 44 Thermal 821 | . . . 438 . 361 22 Explosive 4773 | . 995 325 2411 . 711 331 Electromagnetic 642 | . . . 175 . 461 6 Impact . | . . . . . . . Slashing 336 | . . . . . . 336 Piercing . | . . . . . . . Highest Corruption . | . . . . . . . Average Corruption . | . . . . . . . Corruption Purged . | . . . . . . . Corruption Blocked . | . . . . . . . Overload Shots . | . . . . . . . Overflow Damage 224 | . 47 . 91 . 51 35 Projectiles . | . . . . . . . Explosions 222 | . 47 . 91 . 51 33 Melee 2 | . . . . . . 2 Knockbacks . | . . . . . . . Impact . | . . . . . . . Kinetic . | . . . . . . . Secondary . | . . . . . . . Self-Inflicted Damage 574 | . 88 107 53 . 165 161 Shots 22 | . 4 4 2 . 6 6 Rammed 28 | . 1 1 2 . 1 23 Targets Rammed 28 | . 1 1 2 . 1 23 Kicked . | . . . . . . . Crushed . | . . . . . . . Highest Temperature 333 | . 38 28 79 . 325 333 Average Temperature 58 | . 12 8 18 . 101 147 Received Heat Transfer 1782 | . 45 78 507 . 160 992 Effects 7 | . . . . . 5 2 Shutdowns 1 | . . . . . 1 . Energy Bleed 1 | . . . . . . 1 Interference 5 | . . . . . 4 1 Siege Activations . | . . . . . . . Robots Corrupted . | . . . . . . . Combat Hostiles . | . . . . . . . Parts Fried 3 | . . . . . 3 . Impact Corruptions . | . . . . . . . Robots Melted . | . . . . . . . Combat Hostiles . | . . . . . . . Parts Melted 3 | . . . 2 . 1 . Heat Transferred 1541 | . . . 755 . 768 18 Parts Sabotaged . | . . . . . . . Parts Stolen . | . . . . . . . Parts Stripped . | . . . . . . . Power Chain Reactions 3 | . . . . . 3 . Alert | -11 -10 -10 -9 -9 -8 -7 ------- Run | Yrd Mat Min Mat Min Mat Fac Peak Influence 809 | 10 397 167 809 315 456 211 Initial 315 | . 6 76 26 315 122 207 Average 273 | 2 177 98 577 315 137 98 Maximum Alert Level 3 | . 1 . 3 1 2 1 Low Security (%) 58 | 100 45 100 8 . 86 93 Level 1 11 | . 54 . 2 100 8 6 Level 2 19 | . . . 57 . 4 . Level 3 10 | . . . 32 . . . Level 4 . | . . . . . . . Level 5 . | . . . . . . . High Security . | . . . . . . . Max Security . | . . . . . . . Squads Dispatched 9 | . 2 . 3 . 4 . Investigation . | . . . . . . . Extermination . | . . . . . . . Reinforcement 5 | . 2 . 1 . 2 . Assault 2 | . . . 2 . . . Garrison 2 | . . . . . 2 . Intercept . | . . . . . . . Searches Triggered . | . . . . . . . Construction Impeded . | . . . . . . . Haulers Reinforced . | . . . . . . . Active Scanning Responses . | . . . . . . . Cargo Convoy Interrupts . | . . . . . . . Stealth | -11 -10 -10 -9 -9 -8 -7 --------- Run | Yrd Mat Min Mat Min Mat Fac Distress Signals 6 | . 3 . 1 . 2 . Communications Jammed . | . . . . . . . Distress Signals . | . . . . . . . Times Spotted 82 | . 13 5 40 . 23 1 Peak Tracking Total 9 | . 7 3 9 . 7 1 Tactical Retreats 2 | . . . 2 . . . Traps | -11 -10 -10 -9 -9 -8 -7 ------- Run | Yrd Mat Min Mat Min Mat Fac Traps Triggered 1 | . 1 . . . . . Indirectly . | . . . . . . . Trap Hack Attempts . | . . . . . . . Triggered . | . . . . . . . Disarmed . | . . . . . . . Reprogrammed . | . . . . . . . Reused . | . . . . . . . Traps Extracted . | . . . . . . . Installed . | . . . . . . . Triggered . | . . . . . . . Machines | -11 -10 -10 -9 -9 -8 -7 ---------- Run | Yrd Mat Min Mat Min Mat Fac Machines Disabled 12 | . 3 . 6 . 3 . Max in Single Turn 2 | . 2 . 2 . 1 . Machines Repaired . | . . . . . . . Machines Dismantled . | . . . . . . . Machines Sabotaged . | . . . . . . . Overloaded Fab Kills . | . . . . . . . Hacking | -11 -10 -10 -9 -9 -8 -7 --------- Run | Yrd Mat Min Mat Min Mat Fac Machines Accessed 4 | . 1 . 2 . 1 . Terminals 3 | . 1 . 1 . 1 . Fabricators . | . . . . . . . Repair Stations . | . . . . . . . Recycling Units 1 | . . . 1 . . . Scanalyzers . | . . . . . . . Garrison Access . | . . . . . . . Total Hacks 4 | . 1 . 2 . 1 . Successful 4 | . 1 . 2 . 1 . Failed . | . . . . . . . Catastrophic . | . . . . . . . Database Lockouts . | . . . . . . . Manual . | . . . . . . . Terminals 3 | . 1 . 1 . 1 . Fabricators . | . . . . . . . Repair Stations . | . . . . . . . Recycling Units 1 | . . . 1 . . . Scanalyzers . | . . . . . . . Garrison Access . | . . . . . . . Terminal Hacks 3 | . 1 . 1 . 1 . Record 2 | . 1 . 1 . . . Alert Level 1 | . . . . . 1 . Fabricator Hacks . | . . . . . . . Repair Station Hacks . | . . . . . . . Recycling Unit Hacks 1 | . . . 1 . . . Report Inventory 1 | . . . 1 . . . Scanalyzer . | . . . . . . . Garrison Access Hacks . | . . . . . . . Unauthorized Hacks . | . . . . . . . Terminals . | . . . . . . . Fabricators . | . . . . . . . Repair Stations . | . . . . . . . Recycling Units . | . . . . . . . Scanalyzers . | . . . . . . . Garrison Access . | . . . . . . . Data Cores Recovered . | . . . . . . . Used . | . . . . . . . Hacking Detections 3 | . 1 . 2 . . . Full Trace Events . | . . . . . . . Feedback Events . | . . . . . . . Feedback Blocked . | . . . . . . . Robot Schematics Acquired . | . . . . . . . Robots Built . | . . . . . . . Authchips . | . . . . . . . Time . | . . . . . . . Total Robot Build Rating . | . . . . . . . Part Schematics Acquired . | . . . . . . . Parts Built . | . . . . . . . Authchips . | . . . . . . . Time . | . . . . . . . Total Part Build Rating . | . . . . . . . Parts Repaired . | . . . . . . . Time . | . . . . . . . Parts Recycled . | . . . . . . . Recycled Matter . | . . . . . . . Retrieved Matter . | . . . . . . . Retrieved Components . | . . . . . . . Parts Scanalyzed . | . . . . . . . Part Schematics Acquired . | . . . . . . . Parts Damaged . | . . . . . . . Bothacking | -11 -10 -10 -9 -9 -8 -7 ------------ Run | Yrd Mat Min Mat Min Mat Fac Used RIF Installer . | . . . . . . . Robots Hacked . | . . . . . . . Non-combat . | . . . . . . . Combat . | . . . . . . . Robot Hacks Applied . | . . . . . . . Relay Couplers Released . | . . . . . . . Fabnet Peak Effective % . | . . . . . . . Robots Rewired . | . . . . . . . Allies Hacked . | . . . . . . . Hacks Repelled . | . . . . . . . Allies | -11 -10 -10 -9 -9 -8 -7 -------- Run | Yrd Mat Min Mat Min Mat Fac Total Allies . | . . . . . . . Largest Group . | . . . . . . . Highest-Rated Group . | . . . . . . . Highest-Rated Ally . | . . . . . . . Total Orders . | . . . . . . . Ally Attacks . | . . . . . . . Total Damage . | . . . . . . . Kills . | . . . . . . . Allies Corrupted . | . . . . . . . Allies Melted . | . . . . . . . Intel | -11 -10 -10 -9 -9 -8 -7 ------- Run | Yrd Mat Min Mat Min Mat Fac Robot Analysis Total . | . . . . . . . Derelict Logs Recovered 3 | . . 2 . 1 . . Drone Launches . | . . . . . . . Drone Recoveries . | . . . . . . . Exploration | -11 -10 -10 -9 -9 -8 -7 ------------- Run | Yrd Mat Min Mat Min Mat Fac Turns Passed 3451 | 110 425 665 1105 66 937 143 Spaces Moved 1532 | 54 217 362 404 42 443 10 Core 13 | 13 . . . . . . Treads 1292 | 41 217 362 394 42 231 5 Legs . | . . . . . . . Wheels 227 | . . . 10 . 212 5 Hover . | . . . . . . . Flight . | . . . . . . . Fastest Speed 50 | 50 160 160 125 160 105 120 Average Speed 175 | 133 160 160 199 160 179 157 Slowest Speed 240 | 160 240 160 240 160 240 225 Overloaded Moves . | . . . . . . . Propulsion Burnouts . | . . . . . . . Robots Hopped . | . . . . . . . Cave-ins Triggered . | . . . . . . . Exploration Rate (%) 37 | 4 43 70 39 17 51 . Regions Visited 6 Branch Regions 2 Pre-discovered Areas . | . . . . . . . Known Exits Taken 1 | . . . . 1 . . Unknown Exits Taken 5 | 1 1 1 1 . 1 . Scrap Searched . | . . . . . . . Spaces Dug . | . . . . . . . Terrain Destroyed 405 | . 91 47 171 . 63 33 Melee . | . . . . . . . Projectile 2 | . . . . . 2 . AOE 403 | . 91 47 171 . 61 33 Terrain Rammed . | . . . . . . . Walls Destroyed . | . . . . . . . Machines Disabled . | . . . . . . . Actions | -11 -10 -10 -9 -9 -8 -7 --------- Run | Yrd Mat Min Mat Min Mat Fac Total 1955 | 76 262 408 572 41 524 72 Wait . | . . . . . . . Move 1526 | 53 216 361 403 41 442 10 Hop . | . . . . . . . Pick Up 58 | 7 10 2 21 . 18 . Fast Attach . | . . . . . . . Attach 74 | 6 6 3 29 . 16 14 Detach 34 | . 3 2 19 . 10 . Swap . | . . . . . . . Drop 18 | . 2 . 10 . 6 . Fire 205 | 10 24 39 88 . 31 13 Melee 12 | . . . . . . 12 Ram 2 | . . . . . . 2 Kick . | . . . . . . . Crush 26 | . 1 1 2 . 1 21 Escape Stasis . | . . . . . . . Rewire . | . . . . . . . Trap . | . . . . . . . Miscellaneous . | . . . . . . . Route ------- -11/Scrapyard -10/Materials -10/Mines -9/Materials (discovered 2 exits: Mat / [*Min]) -9/Mines -8/Materials -7/Factory History --------- Turn | Location | Event 8 | -11/Scrapyard | Discovered new exit (range 14) 111 | -11/Scrapyard | Entered Materials 300 | -10/Materials | Build established: Mutant 528 | -10/Materials | Discovered new exit (range 6) 536 | -10/Materials | Entered Mines 655 | -10/Mines | Received a Rocket Launcher from a helpful Derelict 706 | -10/Mines | Learned 2 Materials zone layouts 874 | -10/Mines | Learned location of 1 exit from Materials 1195 | -10/Mines | Discovered new exit (range 4) 1201 | -10/Mines | Entered Materials 1201 | -9/Materials | Evolved 2 slots: Power x1, Utility x1 1202 | -9/Materials | Identified exit to Materials 1367 | -9/Materials | Destroyed 9 combat bots 1406 | -9/Materials | Lost 6 parts (1p2n2u1w) 1813 | -9/Materials | Build established: Scavenger-Mutant 2001 | -9/Materials | First assault squad dispatched 2077 | -9/Materials | Core integrity fell below 50% 2112 | -9/Materials | Destroyed 8 combat bots 2294 | -9/Materials | Discovered new exit (range 9) 2306 | -9/Materials | Entered Mines 2353 | -9/Mines | Learned Materials security intel 2361 | -9/Mines | Discovered exit to Materials (range 8) 2372 | -9/Mines | Entered Materials 2372 | -8/Materials | Evolved 2 slots: Power x1, Weapon x1 2679 | -8/Materials | Build established: Scavenger-Gunner 2892 | -8/Materials | Met 7R-MNS 3185 | -8/Materials | Garrison activated, responded to threat 3237 | -8/Materials | Destroyed 9 combat bots 3253 | -8/Materials | Discovered new exit (range 14) 3309 | -8/Materials | Entered Factory 3309 | -7/Factory | Evolved 2 slots: Propulsion x1, Utility x1 3310 | -7/Factory | Caught up to 7R-MNS 3318 | -7/Factory | Attacked by 7R-MNS 3385 | -7/Factory | Core integrity fell below 50% 3396 | -7/Factory | Core integrity fell below 20% 3452 | -7/Factory | Destroyed by 7R-MNS with Wave Gun Last Messages --------------- Ion Cannon destroyed. Slammed into 7R-MNS. The unstable cave ceiling collapses. U-05 Engineer lays Concrete. K-01 Serf collects debris. Slammed into 7R-MNS. U-05 Engineer lays Concrete. Beam Rifle destroyed. Critical hit (Burn: +37). U-05 Engineer lays Concrete. K-01 Serf collects debris. Slammed into 7R-MNS. U-05 Engineer lays Concrete. Imp. Treads destroyed. Imp. Shield Generator destroyed. U-05 Engineer lays Concrete. Slammed into 7R-MNS. Destabilizing: Core damaged (-7). U-05 Engineer lays Concrete. Slammed into 7R-MNS. Map ----- +----------------------------------------------------+ | ???????????????????????????????????????????????? | | ???????????????????????????????????????????????? | | ???????????????????????????????????????????????? | | ???????????????????????????????????????????????? | | ???????????????????????????????????????????????? | | ???????????????????????????????????????????????? | | ???????????????????????????????????????????????? | | ???????????????????????????????????????????????? | | ???????????????????????????????????????????????? | | ???????????????????????????????????????????????? | | ???????????????????????????????????????????????? | | ???????????????????????????????????????????????? | | ???????????????????????????????????????????????? | | ???????????????????????????????????????????????? | | ???????????????????????????????????????????????? | | ???????????????????????????????????????????????? | | ???????????????????????????????????????????????? | | ???????????????????????????????????????????????? | | ???????????????????????????????????????????????? | | ???????????????????????????????????????????????? | | ???????????????????????????????????????????????? | | ?????????????????????#######???????????????????? | | ??????????????????##?# #???????????????????? | | ??????????????????# ## #???????????????????? | | ??????????????????## # #???????????????????? | | ????????????????# # # @g#???????????????????? | | ????????????????# # ##k #???????????????????? | | ????????????????# # # #???????????????????? | | ????????????????# ## #???????????????????? | | ????????????????# #### #???????????????????? | | ??????????????# ### #???????????????????? | | ??????????????# #???????????????????? | | ??????????????# #???????????????????? | | ??????????????# #???????????????????? | | ??????????????# #???????????????????? | | ????????????? #???????????????????? | | ????????????### # # ######???????????????????? | | ????????????? ?????????????????????????? | | ???????????? ?????????????????????????? | | ???????????""" """ """?????????????????????????? | | ?????????????" """ """?????????????????????????? | | ?????????????"??"" """?????????????????????????? | | ????????????????? ?????????????????????????????? | | ????????????????? ?????????????????????????????? | | ???????????????????????????????????????????????? | | ???????????????????????????????????????????????? | | | | | | | | | +----------------------------------------------------+ Best States ------------- Heat Dissipation 51 Energy Generation 30 Energy Capacity 485 Matter Stores 300 Matter Capacity 300 Sight Range 16 Terrain Scan Density 10 Armor Coverage 300 Evasion (%) 50 Recoil Reduction 2 Matter Filtering 30 Item Schematics ----------------- None Robot Schematics ------------------ None Fabricated ------------ Nothing Alien Tech Used ----------------- None Achievements -------------- Let's See Who's Tougher Significant Disruption Challenges ------------ None Game ------ Seed ExperimentalDirtyTerrabomb Manual? 0 Play Time 00:33:43 Cumulative 5.1 hours Start 2024.04.07 @ 13:43:32 End 2024.04.07 @ 14:21:18 Sessions 1 Manual Loads 0 Difficulty Rogue Special Mode None Game No. 4 Rogue 3 Adventurer 0 Explorer 1 Win Type - Total 0 Types 0/0/0/0/0/0/0/0/0 Lore% 2 Gallery% 12 Achievement% 11 Wizard Run 0 Options --------- Layout 1 ASCII 0 Keyboard 0 Movement Mouse Keybinds 0 Fullscreen 2 Font 20/SmallcapsGlow Map View 50x50 Zoom Use 0% Tactical HUD 0 Map Filters NONE Filters NONE Steam 1 RUN: 6f326544-fb48-4285-b604-6dc4c902b5bd